 Dungeon Crawl Stone Soup version 0.27-a0-1046-g98bf31544f (webtiles) character file.

Game seed: 17173746828008048930

79 jestyr24 the Conjurer (level 4, -8/33 HPs)
             Began as a Draconian Conjurer on Apr 19, 2021.
             Was a Believer of Lugonu.
             Mangled by Sigmund
             ... wielding a +2 scythe of venom
              (9 damage)
             ... on level 3 of the Dungeon.
             The game lasted 00:06:11 (3085 turns).

jestyr24 the Conjurer (Draconian Conjurer)          Turns: 3085, Time: 00:06:11

Health: -8/33      AC:  8    Str:  9    XL:     4   Next: 17%
Magic:  7/8        EV: 12    Int: 19    God:    Lugonu [**....]
Gold:   62         SH:  0    Dex: 10    Spells: 7/8 levels left

rFire    . . .     SeeInvis .   e - +3 dagger
rCold    . . .     Faith    .   (no shield)
rNeg     . . .     Spirit   .   (armour unavailable)
rPois    .         Reflect  .   (helmet restricted)
rElec    .         Harm     .   (no cloak)
rCorr    .         Rampage  .   f - +2 pair of gloves
Will     .....                  (no boots)
Stlth    ++........             (no amulet)
HPRegen  0.11/turn              (no ring)
MPRegen  0.11/turn              (no ring)

@: lethally poisoned (-8 -> -20)
A: AC +5, unfitting armour, cold-blooded
a: Renounce Religion, Depart the Abyss, Bend Space


You were on level 3 of the Dungeon.
You worshipped Lugonu.
Lugonu was pleased with you.
You visited 1 branch of the dungeon, and saw 3 of its levels.

You collected 62 gold pieces.

Inventory:

Hand Weapons
 a - a +0 short sword
 e - a +3 dagger (weapon)
Missiles
 b - 13 stones
 h - 11 poisoned darts
 l - 3 boomerangs
Armour
 f - a +2 pair of gloves (worn)
Scrolls
 c - a scroll of immolation {unknown}
 g - a scroll of torment {unknown}
 j - a scroll of fog {unknown}
 k - a scroll of identify {unknown}
Potions
 d - a potion of mutation {unknown}


   Skills:
 + Level 2.0 Dodging
 + Level 2.0 Stealth
 + Level 2.7 Spellcasting
 + Level 5.1 Conjurations


You had 7 spell levels left.
You knew the following spells:

 Your Spells              Type           Power      Damage    Failure   Level
a - Magic Dart            Conj           88%        1d7       1%          1

Your spell library contained the following spells:

 Spells                   Type           Power      Damage    Failure   Level
 Searing Ray              Conj           44%        3d4       3%          2
 Dazzling Flash           Conj/Hex       24%        N/A       17%         3
 Confusing Touch          Hex            2%         N/A       43%         3
 Gell's Gravitas          Tloc           1%         N/A       43%         3
 Fulminant Prism          Conj/Hex       6%         3d7       50%         4
 Iskenderun's Mystic Bla  Conj/Tloc      12%        2d5       50%         4
 Petrify                  Tmut/Erth      2%         N/A       83%         4
 Metabolic Englaciation   Hex/Ice        1%         N/A       99%         5
 Yara's Violent Unravell  Hex/Tmut       1%         3d3       99%         5


Dungeon Overview and Level Annotations

Branches:
Dungeon (3/15)

Altars:
Zin
Lugonu

Annotations:
D:3 Sigmund


Innate Abilities, Weirdness & Mutations

Your plain brown scales are hard. (AC +5)
You cannot fit into any form of body armour.
You are cold-blooded and may be slowed by cold attacks.


Message History

Sigmund flickers and vanishes!
Deactivating autopickup; reactivate with Ctrl-A.
There is an open door here.
There is an open door here.
The magic dart hits the hobgoblin but does no damage.
The magic dart hits the hobgoblin.
You kill the hobgoblin!
Lugonu accepts your kill.
You start resting.
Something hits you.
You are poisoned.
You feel sick.
You feel sick.
You feel sick.
A puff of flame appears from out of thin air!
The puff of flame hits you.
You feel sick.
You are confused.
You feel sick.
You're too confused to move!
You feel sick. Something hits you!
* * * LOW HITPOINT WARNING * * *
You are lethally poisoned!
It was a potion of lignification.
You turn into a tree.
Your +2 pair of gloves melds into your body.
Your roots penetrate the ground.
* * * LOW HITPOINT WARNING * * *
You feel very sick.
Sigmund appears from thin air!
Reactivating autopickup.
Sigmund hits you but does no damage.
It was a potion of cancellation.
Your magical effects are unravelling.
You feel magically purged.
You feel less wooden.
Your +2 pair of gloves unmelds from your body.
You feel less confused.
* * * LOW HITPOINT WARNING * * *
You feel very sick.
Sigmund hits you from afar with a +2 scythe of venom!
You die...

##### ....# .##.#######
##### .##.......# #...#
.########.#########.#.#
)...............@.@..>#
#####.#.#.#########.###
#...#.# #.# #####.###.#
#[# ....#..##.# #.#
#......<#.# #.#
#....#..#.# #.#
#.........# #.#
###################.#


You could see Sigmund.

Vanquished Creatures
  2 gnolls (D:2)
  An adder (D:2)
  3 orcs (D:3)
  2 ball pythons (D:2)
  2 bats
  3 endoplasms
  4 goblins
  10 hobgoblins
  3 jackals (D:1)
  4 kobolds
  A quokka (D:2)
  5 frilled lizards
  4 rats
44 creatures vanquished.

Notes
Turn   | Place    | Note
-------+----------+-------------------------------------------
     0 | D:1      | jestyr24 the Draconian Conjurer began the quest for the
                  | Orb.
     0 | D:1      | Reached XP level 1. HP: 14/14 MP: 3/3
   693 | D:1      | Reached XP level 2. HP: 20/20 MP: 3/5
  1514 | D:2      | Reached XP level 3. HP: 26/26 MP: 2/6
  1878 | D:2      | Reached skill level 5 in Conjurations
  1904 | D:2      | Found a faded altar of an unknown god.
  1918 | D:2      | Became a worshipper of Lugonu the Unformed
  1918 | D:2      | Reached * piety under Lugonu
  1918 | D:2      | Reached ** piety under Lugonu
  2048 | D:2      | Found a glowing silver altar of Zin.
  2704 | D:3      | Reached XP level 4. HP: 33/33 MP: 4/7
  3037 | D:3      | Noticed Sigmund
  3085 | D:3      | HP: 1/33 [poisoned by Sigmund]
  3085 | D:3      | Mangled by Sigmund

Illustrated notes

Levels and vault maps discovered:
D:1:      saegor_arrival_simple_b, layout_basic, minmay_tromino_v2
D:2:      layout_basic, hellmonk_ecumenical_altar_pennies_from_heaven,
          basic_altar, minmay_tall_x
D:3:      layout_basic, kennysheep_pointless_box, chequers_garden, uniq_sigmund

Skill      XL: |  1  2  3 |
---------------+----------+-----
Dodging        | 2 |  2.0
Stealth        | 2 |  2.0
Conjurations   | 5 |  5.1
Spellcasting   | |  2.7

Action                   |  1- 3 |  4- 6 || total
-------------------------+-------+-------++-------
Melee: Unarmed           |    14 |       ||    14
       Tailslap          |     1 |       ||     1
       Short sword       |     2 |       ||     2
       Dagger            |     1 |       ||     1
 Cast: Magic Dart        |    76 |    16 ||    92
  Use: Potion            |       |     2 ||     2
Armor: Skin              |     4 |     1 ||     5
Dodge: Dodged            |    16 |       ||    16

Table legend: (Time is in decaauts)
 A = Elapsed time spent in this place.
 B = Non-inter-level travel time spent in this place.
 C = Inter-level travel time spent in this place.
 D = Time resting spent in this place.
 E = Time spent auto-exploring this place.
 F = Levels seen in this place.
 G = Mean time per level.
                   A        B        C        D        E       F      G
               +--------+--------+--------+--------+--------+-----+--------+
         Total |   3087 |   3032 |     55 |    672 |   1873 |   3 | 1029.0 |
       Dungeon |   3087 |   3032 |     55 |    672 |   1873 |   3 | 1029.0 |
               +--------+--------+--------+--------+--------+-----+--------+

Top non-repeatable levels by time:
     D:1: 1522 daAuts
     D:2: 1117 daAuts
     D:3: 446 daAuts
